 Dungeon Crawl Stone Soup version 0.30-a0-596-g0af90f9a20 (webtiles) character file.

Game seed: 8361445546058965451

419 Newt the Skirmisher (level 7, -12/43 HPs)
             Began as a Kobold Hunter on Jan 6, 2023.
             Mangled by a wyvern (14 damage)
             ... on level 4 of the Dungeon.
             The game lasted 00:04:13 (2821 turns).

Newt the Skirmisher (Kobold Hunter)                 Turns: 2821, Time: 00:04:14

Health: -12/43     AC:  7    Str:  8    XL:     7   Next: 16%
Magic:  7/7        EV: 16    Int: 17    God:
Gold:   107        SH:  5    Dex: 20    Spells: 6/6 levels left

rFire   . . .      SeeInvis +    b - +6 dagger of a Gauntlet {heavy, Int+6}
rCold   . . .      Faith    .    (no shield)
rNeg    . . .      Spirit   .    c - +0 leather armour
rPois   .          Reflect  +    o - +1 helmet
rElec   .          Harm     .    d - +1 cloak
rCorr   .          Rampage  .    (no gloves)
Will    .....                    (no boots)
Stlth   ++++                     j - amulet of reflection
HPRegen 0.27/turn                g - ring of see invisible
MPRegen 0.10/turn                (no ring)

@: no status effects
A: small, no large weapons, nightstalker 3
a: no special abilities


You were on level 4 of the Dungeon.
You visited 1 branch of the dungeon, and saw 4 of its levels.

You collected 107 gold pieces.

Inventory:

Hand Weapons
 a - a +0 shortbow
 b - the +6 dagger of a Gauntlet (weapon) {heavy, Int+6}
   (You found it on level 3 of the Dungeon)

   Int:       It affects your intelligence (+6).
 k - a +2 dagger of venom
Armour
 c - a +0 leather armour (worn)
 d - a +1 cloak (worn)
 l - a +2 scale mail of cold resistance
 o - a +1 helmet (worn)
Jewellery
 e - an amulet of magic regeneration
 g - a ring of see invisible (left hand)
 j - an amulet of reflection (around neck)
Wands
 n - a wand of polymorph (1)
 q - a wand of charming (6)
Scrolls
 i - 2 scrolls of teleportation
 u - a scroll of magic mapping
 v - a scroll of immolation
Potions
 f - a potion of berserk rage
 h - a potion of mutation
 p - a potion of ambrosia {unknown}
 t - a potion of might


   Skills:
 - Level 4.0 Fighting
 - Level 8.0 Ranged Weapons
 - Level 4.0 Dodging
 - Level 4.0 Stealth
 + Level 1.8 Evocations


You had 6 spell levels left.
You didn't know any spells.
Your spell library contained the following spells:

 Spells                   Type           Power      Damage    Failure   Level
 Ignite Poison            Fire/Tmut/Pois 0%         N/A       71%         3
 Anguish                  Hex/Necr       0%         N/A       98%         4
 Sticky Flame             Conj/Fire      0%         2d3       98%         4
 Enfeeble                 Hex            0%         N/A       100%        7
 Ignition                 Fire           0%         3d3       100%        8


Dungeon Overview and Level Annotations

Branches:
Dungeon (4/15)
 Temple: D:4-7

Altars:


Innate Abilities, Weirdness & Mutations

You are small and have problems with some larger weapons.
You are completely attuned to the shadows.


Message History

You kill the dart slug!
No target in view!
Found 6 boomerangs.
No target in view!
A quokka comes into view.
A quokka is nearby!
You shoot an arrow. The arrow hits the quokka.
The quokka is heavily wounded.
You hear an angry hiss.
A wyvern comes into view.
You shoot an arrow. The arrow hits the quokka.
You kill the quokka!
You shoot an arrow. The arrow barely misses the wyvern.
You shoot an arrow. The arrow hits the wyvern.
The wyvern is lightly wounded.
You block the wyvern's attack. The wyvern bites you!
You feel clever.
b - the +6 dagger of a Gauntlet (weapon)
{heavy, Int+6} The wyvern barely misses you.
You hit the wyvern.
The wyvern is lightly wounded.
The wyvern closely misses you. The wyvern bites you.
You hit the wyvern.
The wyvern is moderately wounded.
The wyvern barely misses you. x2
Okay, then.
You hit the wyvern.
The wyvern is moderately wounded.
You block the wyvern's attack. The wyvern misses you. The wyvern bites you!
You puncture the wyvern!
The wyvern is severely wounded.
The wyvern misses you. The wyvern closely misses you.
You closely miss the wyvern.
The wyvern is severely wounded.
You block the wyvern's attack. The wyvern bites you!
* * * LOW HITPOINT WARNING * * *
Okay, then.
It was a potion of magic.
Magic courses through your body. The wyvern bites you!
You die...

..... ######## #...#
##......###...##
#.............(.
#..........@l...
#...............
#######......###...##
#.†.##.......# #####
..#..........#
.###.........+ ##
##....... # +#......
##....


You could see a wyvern.

Vanquished Creatures
  Sigmund (D:2)
  Crazy Yiuf (D:2)
  A hound (D:3)
  Ijyb (D:3)
  Jessica (D:3)
  Terence (D:2)
  Robin (D:3)
  3 adders (D:2)
  2 worms (D:3)
  2 dart slugs
  5 orcs (D:2)
  An endoplasm (D:2)
  2 giant cockroaches
  16 goblins
  6 hobgoblins
  4 quokkas
  7 ball pythons
  9 bats
  3 frilled lizards
  5 kobolds
  12 rats
84 creatures vanquished.

Notes
Turn   | Place    | Note
-------+----------+-------------------------------------------
     0 | D:1      | Newt the Kobold Hunter began the quest for the Orb.
     0 | D:1      | Reached XP level 1. HP: 12/12 MP: 1/1
   136 | D:1      | Reached XP level 2. HP: 17/17 MP: 2/2
   171 | D:1      | Found a faded altar of an unknown god.
   536 | D:1      | Reached XP level 3. HP: 18/21 MP: 3/3
   978 | D:2      | Reached skill level 6 in Ranged Weapons
   978 | D:2      | Reached XP level 4. HP: 13/26 MP: 4/4
  1058 | D:2      | Noticed Sigmund
  1077 | D:2      | Killed Sigmund
  1078 | D:2      | Reached skill level 8 in Ranged Weapons
  1078 | D:2      | Reached XP level 5. HP: 10/32 MP: 5/5
  1078 | D:2      | Reached XP level 6. HP: 11/36 MP: 6/6
  1321 | D:2      | Found a runed translucent door.
  1324 | D:2      | Noticed Crazy Yiuf
  1331 | D:2      | Killed Crazy Yiuf
  1558 | D:2      | Noticed Terence
  1564 | D:2      | Killed Terence
  2104 | D:3      | Identified the +6 dagger of a Gauntlet {heavy, Int+6}
  2126 | D:3      | Noticed Ijyb
  2166 | D:3      | Killed Ijyb
  2229 | D:3      | Noticed Robin
  2237 | D:3      | Killed Robin
  2356 | D:3      | Noticed Jessica
  2362 | D:3      | Killed Jessica
  2363 | D:3      | Reached XP level 7. HP: 43/43 MP: 7/7
  2496 | D:3      | Reached skill level 1 in Evocations
  2811 | D:4      | Noticed a wyvern
  2820 | D:4      | HP: 2/43 [wyvern (13)]
  2821 | D:4      | Mangled by a wyvern

Illustrated notes

Levels and vault maps discovered:
D:1:      psy_arrival_whirlpool, layout_basic, ebering_ecumenical_altar_webs,
          minmay_tree_intersection, st_stairs_5
D:2:      layout_loops_corners, minivault_23, uniq_terence, uniq_sigmund,
          uniq_crazy_yiuf_cottage
D:3:      layout_basic, uniq_jessica, uniq_ijyb, uniq_robin
D:4:      layout_gridville, nemelex_diamond_rough_becter,
          nicolae_dithmenos_shadow_blocks, grunt_ministairs_10, uniq_eustachio

Skill      XL: |  1  2  3  4  5  6  7 |
---------------+----------------------+-----
Dodging        | 3 4 |  4.0
Ranged Weapons | 6 8 |  8.0
Fighting       | 4 |  4.0
Stealth        | 3 4 |  4.0
Evocations     | 1 |  1.8

Action                   |  1- 3 |  4- 6 |  7- 9 || total
-------------------------+-------+-------+-------++-------
Melee: Dagger            |       |    34 |     5 ||    39
       Unarmed           |       |     7 |       ||     7
 Fire: Shortbow          |    87 |    63 |    35 ||   185
  Use: Scroll            |     3 |     1 |     5 ||     9
       Potion            |       |     1 |     1 ||     2
Armor: Leather armour    |     8 |    12 |       ||    20
Dodge: Dodged            |    38 |    34 |    18 ||    90
Block: Other             |     3 |    11 |     5 ||    19

Table legend: (Time is in decaauts)
 A = Elapsed time spent in this place.
 B = Non-inter-level travel time spent in this place.
 C = Inter-level travel time spent in this place.
 D = Time resting spent in this place.
 E = Time spent auto-exploring this place.
 F = Levels seen in this place.
 G = Mean time per level.
                   A        B        C        D        E       F      G
               +--------+--------+--------+--------+--------+-----+--------+
         Total |   2844 |   2733 |    111 |    119 |   2132 |   4 |  711.0 |
       Dungeon |   2844 |   2733 |    111 |    119 |   2132 |   4 |  711.0 |
               +--------+--------+--------+--------+--------+-----+--------+

Top non-repeatable levels by time:
     D:2: 1320 daAuts
     D:1: 782 daAuts
     D:3: 674 daAuts
     D:4: 67 daAuts
